 Dungeon Crawl Stone Soup version 0.30.1-9-gdf580d7c3d (webtiles) character file.

Game seed: 15159240806486764031

97 Shadow9853 the Ruffian (level 4, -1/36 HPs)
             Began as a Draconian Transmuter on Sept 26, 2023.
             Slain by an iguana (5 damage)
             ... on level 5 of the Dungeon.
             The game lasted 00:19:05 (1871 turns).

Shadow9853 the Ruffian (Draconian Transmuter)       Turns: 1871, Time: 00:19:06

Health: -1/36      AC: 12    Str: 14    XL:     4   Next: 42%
Magic:  7/7        EV: 12    Int: 14    God:
Gold:   91         SH:  0    Dex: 11    Spells: 6/7 levels left

rFire   . . .        e - +0 dagger (speed)
rCold   . . .        (no shield)
rNeg    . . .        (body armour unavailable)
rPois   .            (helmet restricted)
rElec   .            (no cloak)
rCorr   .            j - +0 pair of gloves
SInv    .            i - +1 pair of boots
Will    .....        (no amulet)
Stlth   +            r - +4 ring of protection
HPRegen 0.26/turn    (no ring)
MPRegen 0.10/turn

%: no passive effects
@: no status effects
A: AC +5, unfitting armour, cold-blooded
a: no special abilities


You were on level 5 of the Dungeon.
You visited 1 branch of the dungeon, and saw 5 of its levels.

You collected 91 gold pieces.

Inventory:

Hand Weapons
 c - a +0 short sword
 e - a +0 dagger of speed (weapon)
 m - a +0 sling
Missiles
 l - 5 poisoned darts
 o - 8 stones
Armour
 f - a +0 ring mail
 i - a +1 pair of boots (worn)
 j - a +0 pair of gloves (worn)
 n - a +0 pair of gloves
 p - a +2 robe of resistance
Jewellery
 r - a +4 ring of protection (left hand)
Scrolls
 q - a scroll of enchant armour
Potions
 a - a potion of lignification (quivered)
 d - a potion of flight
 g - a potion of attraction
 h - a potion of magic
 k - a potion of curing


   Skills:
 * Level 1.9 Fighting
 + Level 0.6 Short Blades
 + Level 2.3 Dodging
 + Level 0.3 Stealth
 * Level 4.1 Unarmed Combat
 + Level 2.3 Spellcasting
 + Level 2.1 Transmutations


You had 6 spell levels left.
You knew the following spells:

 Your Spells              Type           Power      Damage    Failure   Level
a - Beastly Appendage     Tmut           14%        N/A       10%         1

Your spell library contained the following spells:

 Spells                   Type           Power      Damage    Failure   Level
 Wereblood                Tmut           7%         N/A       14%         2
 Spider Form              Tmut/Pois      4%         N/A       41%         3
 Summon Guardian Golem    Hex/Summ       1%         N/A       56%         3
 Ice Form                 Ice/Tmut       4%         N/A       83%         4
 Orb of Destruction       Conj           0%         9d5       100%        7
 Spellforged Servitor     Conj/Summ      0%         N/A       100%        7


Dungeon Overview and Level Annotations

Branches:
Dungeon (5/15)
 Temple: D:4-7

Altars:
Cheibriados
Ru
Trog


Innate Abilities, Weirdness & Mutations

Your plain brown scales are hard. (AC +5)
You cannot fit into any form of body armour.
You are cold-blooded and may be slowed by cold attacks.


Message History

An iguana comes into view.
An iguana is nearby!
An iguana is nearby!
The iguana hisses angrily.
You see here an iguana corpse.
Nothing quivered!
Nothing quivered!
As you read the scroll of identify, it crumbles to dust.
g - a potion of attraction
As you read the scroll of identify, it crumbles to dust.
h - a potion of magic You hit the iguana but do no damage.
The iguana barely misses you.
You hit the iguana but do no damage. You closely miss the iguana.
The iguana closely misses you.
You barely miss the iguana.
The iguana bites you but does no damage.
You hit the iguana but do no damage. You hit the iguana but do no damage.
Your punch misses the iguana.
The iguana bites you but does no damage.
You closely miss the iguana. The iguana misses you.
You barely miss the iguana. You closely miss the iguana. The iguana misses you.
You hit the iguana.
The iguana is lightly wounded.
The iguana barely misses you.
You hit the iguana but do no damage.
The iguana is lightly wounded.
You hit the iguana.
The iguana is moderately wounded.
The iguana bites you!
* * * LOW HITPOINT WARNING * * *
You hit the iguana but do no damage.
The iguana is moderately wounded.
The iguana bites you but does no damage.
You barely miss the iguana.
The iguana is moderately wounded.
You barely miss the iguana.
The iguana is moderately wounded.
The iguana bites you.
You die...

#.................#
#...........†.....# .....
#................## #......
#................# .......
##..............## .......
##.........)...# ##.......
#.#...........## #........
..###...........###........
.# ##........#.@..........
. ##.......###l.........
#####.### #.#........ ###
#.##....... ####.# ##.....
##..#.# ##... #.....#### #.
#........### #..........##


You could see an iguana.

Vanquished Creatures
  An iguana (D:5)
  An orc wizard (D:5)
  A worm (D:5)
  3 orcs (D:5)
  2 ball pythons
  2 bats (D:1)
  7 endoplasms
  3 goblins
  3 hobgoblins
  4 jackals (D:1)
  A kobold (D:2)
  2 quokkas
  3 frilled lizards
  3 rats
36 creatures vanquished.

Notes
Turn   | Place    | Note
-------+----------+-------------------------------------------
     0 | D:1      | Shadow9853 the Draconian Transmuter began the quest for the
                  | Orb.
     0 | D:1      | Reached XP level 1. HP: 16/16 MP: 3/3
   250 | D:1      | Reached XP level 2. HP: 18/23 MP: 3/5
   904 | D:2      | Reached XP level 3. HP: 25/28 MP: 6/6
  1383 | D:3      | Found a snail-covered altar of Cheibriados.
  1400 | D:3      | Found a sacrificial altar of Ru.
  1547 | D:4      | Found a bloodstained altar of Trog.
  1665 | D:5      | Entered Level 5 of the Dungeon
  1678 | D:5      | Reached skill level 4 in Unarmed Combat
  1678 | D:5      | Reached XP level 4. HP: 36/36 MP: 7/7
  1871 | D:5      | Slain by an iguana

Illustrated notes

Levels and vault maps discovered:
D:1:      dpeg_arrival_tiny_f, layout_loops_ring, minmay_tree_intersection
D:2:      layout_rooms, shapermc_ecumenical_altar_starsandcircs, serial_shops,
          nicolae_shop_peninsula, minmay_misc_feat_encased
D:3:      layout_loops_cross, amethyst_overflow_temple_binary,
          nicolae_uskayaw_murder_on_the_dancefloor, lightli_sewer_entry_pipes
D:4:      nicolae_cairo_tiling, layout_loops_ring, mainiacjoe_overflow_alcove_1,
          hellmonk_okawaru_the_only_friend_you_need, uniq_blork_the_orc,
          uniq_grinder
D:5:      layout_cave_pods, mainiacjoe_overflow_brackets, serial_shops, shop

Skill      XL: |  1  2  3 |
---------------+----------+-----
Dodging        | 2 |  2.3
Unarmed Combat | 4 |  4.1
Fighting       | |  1.9
Short Blades   | |  0.6
Stealth        | |  0.3
Spellcasting   | |  2.3
Transmutations | |  2.1

Action                     |  1- 3 |  4- 6 || total
---------------------------+-------+-------++-------
  Melee: Unarmed           |    58 |       ||    58
         Tailslap          |    21 |     7 ||    28
         Dagger            |    63 |    44 ||   107
         Club              |    11 |       ||    11
         Punch             |     1 |       ||     1
   Cast: Beastly Appendage |     5 |       ||     5
  Evoke: Wand              |     2 |     2 ||     4
    Use: Scroll            |     5 |     2 ||     7
         Potion            |     2 |       ||     2
 Armour: Skin              |    44 |    10 ||    54
  Dodge: Dodged            |   100 |    11 ||   111
